[Event "Titled Tuesday Blitz August 1 Early 2023"]
[White "Voege, Tobias"]
[Black "Buscar, Michael"]
[WhiteFideId "1270513"]
[BlackFideId "2603616"]
[WhiteElo "2678"]
[BlackElo "2378"]
[Result "1-0"]
[Round "2"]
[TimeControl "180+1"]
[Date "2023.08.01"]
[WhiteClock "0:00:15"]
[BlackClock "0:00:04"]
[Board "98"]

1. e4 c5 2. Nf3 Nc6 3. d4 cxd4 4. Nxd4 Nf6 5. Nc3 e5 6. Ndb5 h6 7. Bc4 d6 8. Nd5 Nxd5 9. Bxd5 Be6 10. Bxe6 fxe6 11. Qh5+ Kd7 12. O-O Qe8 13. Qh3 Rd8 14. Be3 Kc8 15. Nxa7+ Nxa7 16. Bxa7 Qc6 17. Qxe6+ Kc7 18. Be3 Qxe4 19. Rfd1 Qc6 20. c4 Qd7 21. Qd5 Be7 22. b4 Bg5 23. c5 Bxe3 24. fxe3 Rhe8 25. cxd6+ Kb8 26. Rd3 Re6 27. Rad1 Rf8 28. h3 Rff6 29. Qc5 Rg6 30. a4 Re8 31. e4 Qxa4 32. Qc7+ Ka7 33. d7 Qa2 34. Qc5+ b6 35. Qc7+ Ka6 36. Qc8+ Kb5 37. R3d2 Rxc8 38. dxc8=Q 1-0


[Site "https://www.chess.com"]

[Event "Titled Tuesday Blitz August 1 Early 2023"]
[White "Li, Hui"]
[Black "Nagare Kaivalya Sandip"]
[WhiteFideId "15400310"]
[BlackFideId "25957929"]
[WhiteElo "2376"]
[BlackElo "2678"]
[Result "0-1"]
[Round "2"]
[TimeControl "180+1"]
[Date "2023.08.01"]
[WhiteClock "0:00:01"]
[BlackClock "0:00:25"]
[Board "99"]

1. e4 c5 2. Nf3 d6 3. d4 cxd4 4. Nxd4 Nf6 5. Nc3 a6 6. Be2 e5 7. Nb3 Be7 8. O-O O-O 9. Be3 Be6 10. Qd2 Nbd7 11. a4 Nb6 12. a5 Nc4 13. Bxc4 Bxc4 14. Rfd1 h6 15. Nc1 Rc8 16. Nd3 Qd7 17. Nxe5 dxe5 18. Qxd7 Nxd7 19. Rxd7 Bb4 20. Rxb7 Bxc3 21. bxc3 Bb5 22. Ra3 Rfd8 23. h3 h5 24. Kh2 f6 25. Rb3 h4 26. g3 hxg3+ 27. Kxg3 Rc4 28. f3 Ra4 29. R3xb5 axb5 30. Rxb5 Ra2 31. Rb3 Rd1 32. Bb6 Rda1 33. c4 Rxc2 34. c5 Raa2 35. c6 Rxc6 36. Rd3 Rcc2 37. Kg4 Kf7 38. Rd7+ Kg6 39. h4 Rg2+ 40. Kh3 Rh2+ 41. Kg3 Rag2# 0-1


[Site "https://www.chess.com"]

[Event "Titled Tuesday Blitz August 1 Early 2023"]
[White "kripri"]
[Black "Rastbod, Ali"]
[BlackFideId "12567477"]
[WhiteElo "2376"]
[BlackElo "2676"]
[Result "1/2-1/2"]
[Round "2"]
[TimeControl "180+1"]
[Date "2023.08.01"]
[WhiteClock "0:00:18"]
[BlackClock "0:00:15"]
[Board "100"]

1. e4 e6 2. d4 d5 3. Nd2 Nc6 4. c3 e5 5. dxe5 dxe4 6. Nxe4 Qxd1+ 7. Kxd1 Nxe5 8. Bf4 Nf6 9. Nxf6+ gxf6 10. Be2 Bf5 11. Nf3 O-O-O+ 12. Ke1 Nd3+ 13. Bxd3 Bxd3 14. Rd1 Bc5 15. Be3 Rhe8 16. Nd4 Ba6 17. Kd2 Rg8 18. g3 b6 19. Kc1 Bc4 20. b3 Bd5 21. Rhe1 Ba3+ 22. Kb1 a6 23. b4 Be4+ 24. Ka1 c5 25. bxc5 Bxc5 26. Nb3 Rxd1+ 27. Rxd1 Bxe3 28. fxe3 h5 29. Rd6 h4 30. gxh4 f5 31. Rxb6 Rg1+ 32. Kb2 Rg2+ 33. Ka3 Rxh2 34. Rxa6 Rxh4 35. Nc5 Rh3 36. Rf6 Rxe3 37. Rxf7 Rxc3+ 38. Kb4 Rc1 39. Nxe4 fxe4 40. Re7 Re1 41. Kc4 Kd8 42. Re5 Rd1 43. Rxe4 Kc7 44. Re2 Kb6 45. Kb4 Rd4+ 46. Kc3 Rh4 47. Rb2+ Ka5 48. Kb3 Rb4+ 49. Kc3 Rh4 50. Rd2 Ka4 51. Rd4+ Rxd4 52. Kxd4 Ka3 53. Kd3 Kxa2 1/2-1/2


[Site "https://www.chess.com"]

[Event "Titled Tuesday Blitz August 1 Early 2023"]
[White "Li, Eric"]
[Black "Itgelt, Khuyagtsogt"]
[WhiteFideId "30939941"]
[BlackFideId "4902912"]
[WhiteElo "2367"]
[BlackElo "2673"]
[Result "1-0"]
[Round "2"]
[TimeControl "180+1"]
[Date "2023.08.01"]
[WhiteClock "0:00:17"]
[BlackClock "0:00:08"]
[Board "101"]

1. e4 e6 2. d4 d5 3. Nd2 c5 4. exd5 exd5 5. Ngf3 Nc6 6. Bb5 Qe7+ 7. Qe2 Qxe2+ 8. Bxe2 Bf5 9. c3 cxd4 10. Nxd4 Nxd4 11. cxd4 Nf6 12. O-O Bd6 13. Bb5+ Kd8 14. Nf3 a6 15. Ba4 Nd7 16. Bb3 Nb6 17. a4 f6 18. a5 Nc4 19. Nd2 Rc8 20. Rd1 Re8 21. Ra4 Bg4 22. f3 Ne3 23. Re1 Bd7 24. Ra1 Bxh2+ 25. Kf2 Ng4+ 26. fxg4 Bg3+ 27. Kxg3 Rxe1 28. Bxd5 Rexc1 29. Rxc1 Rxc1 30. Bxb7 Bb5 31. Nb3 Rc7 32. Nc5 Re7 33. b4 Kc7 34. Bxa6 Bxa6 35. Nxa6+ Kc6 36. d5+ Kxd5 37. b5 Kc4 38. b6 Kb5 39. Nb8 Re3+ 40. Kf4 Rb3 41. b7 Kxa5 42. Nc6+ Ka6 43. b8=Q Rxb8 44. Nxb8+ Kb7 45. Nd7 Kc6 46. Nf8 Kd6 47. Nxh7 Ke7 48. Kf5 Kf7 49. g5 g6+ 50. Kf4 fxg5+ 51. Nxg5+ Kg7 52. Ne4 Kh6 53. Ke5 Kh5 54. g3 Kg4 55. Kd4 Kf3 56. Ke5 Kg4 57. Kf6 Kf3 58. Kxg6 Kxe4 59. g4 Kf4 60. g5 Kg4 61. Kf6 Kh5 62. g6 Kh6 63. g7 Kh7 64. Kf7 Kh6 65. g8=Q Kh5 66. Qg3 1-0


[Site "https://www.chess.com"]

[Event "Titled Tuesday Blitz August 1 Early 2023"]
[White "caropawn10"]
[Black "Prydun, Andriy"]
[BlackFideId "14145898"]
[WhiteElo "2671"]
[BlackElo "2345"]
[Result "0-1"]
[Round "2"]
[TimeControl "180+1"]
[Date "2023.08.01"]
[WhiteClock "0:00:00"]
[BlackClock "0:00:27"]
[Board "102"]

1. e4 c6 2. Nf3 d5 3. d3 Na6 4. exd5 cxd5 5. d4 Nf6 6. c3 g6 7. Bd3 Bg7 8. O-O O-O 9. h3 Nc7 10. Bf4 b5 11. Nbd2 Ne6 12. Bh2 Bd7 13. Ne5 Be8 14. f4 a5 15. f5 Nc7 16. fxg6 hxg6 17. Qe2 b4 18. g4 bxc3 19. bxc3 Qc8 20. Rac1 Rb8 21. h4 Rb2 22. Rf2 Bb5 23. h5 Ne4 24. hxg6 Nxf2 25. Qxf2 Bxe5 26. Bxe5 Qxg4+ 27. Kh1 Qh5+ 28. Kg1 Qg5+ 29. Kh1 Rxd2 30. Qf3 Rxd3 31. gxf7+ Rxf7 0-1


[Site "https://www.chess.com"]

[Event "Titled Tuesday Blitz August 1 Early 2023"]
[White "Kaminski, Victor"]
[Black "Skliarov, Viktor"]
[WhiteFideId "1131630"]
[BlackFideId "14106736"]
[WhiteElo "2335"]
[BlackElo "2670"]
[Result "0-1"]
[Round "2"]
[TimeControl "180+1"]
[Date "2023.08.01"]
[WhiteClock "0:00:00"]
[BlackClock "0:00:39"]
[Board "103"]

1. e4 c5 2. Nf3 Nc6 3. Bb5 e6 4. O-O Nge7 5. d4 cxd4 6. Nxd4 a6 7. Nxc6 Nxc6 8. Bd3 d5 9. exd5 Qxd5 10. Nc3 Qa5 11. Bd2 Be7 12. Ne4 Qc7 13. Qh5 Nb4 14. Bxb4 Bxb4 15. Bb5+ axb5 16. Qxb5+ Qc6 17. Qxb4 Ra4 18. Nd6+ Kd7 19. Qb5 Kxd6 20. Qg5 Kc7 21. Qxg7 Rd8 22. Rad1 Rxd1 23. Rxd1 Qxc2 24. Qxf7+ Kb8 25. Re1 Re4 0-1


[Site "https://www.chess.com"]

[Event "Titled Tuesday Blitz August 1 Early 2023"]
[White "Agibileg, Uurtsaikh"]
[Black "SicilianPanzer"]
[WhiteFideId "4901606"]
[WhiteElo "2665"]
[BlackElo "2316"]
[Result "1-0"]
[Round "2"]
[TimeControl "180+1"]
[Date "2023.08.01"]
[WhiteClock "0:00:16"]
[BlackClock "0:00:03"]
[Board "104"]

1. d4 Nf6 2. c4 e6 3. Nc3 Bb4 4. a3 Bxc3+ 5. bxc3 Nc6 6. f3 b6 7. e4 Ba6 8. Bd3 Na5 9. Qe2 c5 10. Be3 d6 11. f4 Rc8 12. Rc1 h5 13. Nf3 Qd7 14. O-O Qa4 15. Nd2 Ng4 16. f5 e5 17. f6 g6 18. Bg5 exd4 19. cxd4 cxd4 20. e5 Nxe5 21. Ne4 Qd7 22. Bf4 Nac6 23. Qd2 Kd8 24. Nxd6 Qxd6 25. c5 bxc5 26. Bxa6 Rb8 27. Bc4 Nxc4 28. Rxc4 Qd5 29. Rfc1 Rb5 30. a4 Ra5 31. Qd3 Re8 32. Bd2 Ra6 33. Rxc5 Qd6 34. Qxa6 Re2 35. Qxe2 1-0


[Site "https://www.chess.com"]

[Event "Titled Tuesday Blitz August 1 Early 2023"]
[White "Antonio, Jorge Carlos"]
[Black "Poormosavi, Seyed Kian"]
[WhiteFideId "113190"]
[BlackFideId "12585807"]
[WhiteElo "2315"]
[BlackElo "2665"]
[Result "0-1"]
[Round "2"]
[TimeControl "180+1"]
[Date "2023.08.01"]
[WhiteClock "0:00:16"]
[BlackClock "0:00:47"]
[Board "105"]

1. d4 Nf6 2. Nf3 b6 3. g3 Bb7 4. Bg2 g6 5. O-O Bg7 6. c3 O-O 7. Re1 c5 8. dxc5 bxc5 9. Bg5 d6 10. Nbd2 Nc6 11. Nc4 Rb8 12. b3 Qc7 13. Bxf6 Bxf6 14. Rc1 Rfd8 15. e4 e6 16. Ne3 a5 17. c4 a4 18. Qc2 axb3 19. axb3 Nd4 20. Nxd4 Bxd4 21. h4 h5 22. Qd3 Bc6 23. Nc2 Bf6 24. Rb1 Qa5 25. Red1 Be5 26. f4 Bg7 27. Kh2 Rd7 28. f5 Be5 29. fxg6 fxg6 30. Rf1 Re7 31. Qe2 Qa2 32. Nd4 Qxe2 33. Nxe2 Ra7 34. Nf4 Ra2 35. Kh3 Rxg2 36. Nxg2 Bxe4 37. Rbe1 Bf5+ 38. Kh2 Rxb3 39. Nf4 Rc3 40. Rc1 Rb3 41. Ne2 Rb2 42. Rf2 Bg4 43. Re1 Bd4 44. Rg2 Bf3 45. Nxd4 Rxg2+ 46. Kh3 cxd4 47. Rxe6 Rg1 48. Rxg6+ Kf7 49. Rxd6 Rh1# 0-1


[Site "https://www.chess.com"]

[Event "Titled Tuesday Blitz August 1 Early 2023"]
[White "Freile Martin, Javier"]
[Black "benny_aizenberg"]
[WhiteFideId "3600165"]
[WhiteElo "2315"]
[BlackElo "2662"]
[Result "0-1"]
[Round "2"]
[TimeControl "180+1"]
[Date "2023.08.01"]
[WhiteClock "0:00:00"]
[BlackClock "0:00:07"]
[Board "106"]

1. c4 Nf6 2. Nc3 e5 3. Nf3 Nc6 4. a3 d6 5. e3 Be7 6. d4 O-O 7. d5 Nb8 8. h3 a5 9. e4 Na6 10. Be3 b6 11. Nd2 Ne8 12. Be2 f5 13. exf5 Bxf5 14. Bg4 Bg5 15. Qe2 Bxe3 16. Qxe3 Nc5 17. Bxf5 Rxf5 18. Nce4 a4 19. Nxc5 bxc5 20. Ne4 Rb8 21. O-O-O Rb3 22. Rd3 Rxd3 23. Qxd3 Nf6 24. Nxf6+ Qxf6 25. f3 Rf4 26. Re1 Qg5 27. Kb1 Qxg2 28. Re3 Qxh3 29. Qd1 Qf5+ 30. Ka2 Rxc4 31. Rd3 h5 32. Qe2 h4 33. Qd2 h3 34. f4 h2 35. Qxh2 Qxd3 36. Qh5 Qb3+ 37. Kb1 Qd3+ 38. Ka2 g6 39. Qg4 Qf5 40. Qh4 Rxf4 41. Qd8+ Kh7 42. Qxc7+ Kh6 43. Qxd6 Rd4 44. Qxc5 Qf7 45. b3 Qxd5 46. Qf8+ Kh5 47. Qh8+ Kg4 48. Qc8+ Kg3 49. Qc3+ Rd3 50. Qe1+ Kf4 51. Qh4+ Kf5 52. Qh3+ Rxh3 53. Kb2 Qxb3+ 0-1


[Site "https://www.chess.com"]

[Event "Titled Tuesday Blitz August 1 Early 2023"]
[White "Tan, Jun Ying"]
[Black "Ziatdinov, Raset"]
[WhiteFideId "5710413"]
[BlackFideId "2015323"]
[WhiteElo "2662"]
[BlackElo "2312"]
[Result "1-0"]
[Round "2"]
[TimeControl "180+1"]
[Date "2023.08.01"]
[WhiteClock "0:00:12"]
[BlackClock "0:00:08"]
[Board "107"]

1. e4 e6 2. Qe2 c5 3. f4 Nc6 4. Nf3 Nge7 5. g3 g6 6. Bg2 Bg7 7. O-O O-O 8. d3 d5 9. c3 d4 10. c4 e5 11. Nbd2 f5 12. fxe5 Nxe5 13. Nxe5 Bxe5 14. exf5 Bg7 15. Ne4 Nxf5 16. Nxc5 Ne3 17. Bxe3 dxe3 18. Bd5+ Kh8 19. Qxe3 Bh3 20. Rxf8+ Qxf8 21. Ne6 Re8 22. Re1 Qb4 23. Re2 Qa4 24. b3 Qd7 25. Qxa7 Bxe6 26. Bxe6 Bd4+ 27. Kf1 Bxa7 28. Bxd7 Rf8+ 29. Kg2 Kg7 30. Re7+ Kh6 31. Re2 Rf7 32. Bg4 Rf8 33. Bf3 b6 34. d4 Kg5 35. d5 Rd8 36. Re5+ Kf6 37. Re6+ Kf7 38. Rc6 Rb8 39. Rc7+ 1-0


[Site "https://www.chess.com"]

[Event "Titled Tuesday Blitz August 1 Early 2023"]
[White "Ferro, Mario"]
[Black "Arias, Juan Cruz"]
[WhiteFideId "810290"]
[BlackFideId "118540"]
[WhiteElo "2271"]
[BlackElo "2656"]
[Result "0-1"]
[Round "2"]
[TimeControl "180+1"]
[Date "2023.08.01"]
[WhiteClock "0:00:18"]
[BlackClock "0:01:29"]
[Board "108"]

1. Nf3 d5 2. g3 Nd7 3. d4 Nb6 4. a4 a5 5. Bg2 Bf5 6. O-O Nf6 7. b3 e6 8. Ne5 Be7 9. c4 c6 10. Ba3 O-O 11. Bxe7 Qxe7 12. c5 Nbd7 13. Nxd7 Nxd7 14. Nd2 e5 15. e3 Rfe8 16. b4 exd4 17. exd4 Bd3 18. Re1 Qxe1+ 19. Qxe1 Rxe1+ 20. Rxe1 axb4 21. Re7 Bf5 22. Re3 Kf8 23. Rb3 Rxa4 24. Bf1 b6 25. cxb6 Nxb6 26. f3 Ke7 27. Kf2 Kd6 28. Rb2 Nd7 29. Nb3 Ra3 30. g4 Bc2 31. Nc5 b3 0-1


[Site "https://www.chess.com"]

[Event "Titled Tuesday Blitz August 1 Early 2023"]
[White "Lewicki, Miroslaw"]
[Black "Andreassen, Lars"]
[WhiteFideId "1113380"]
[BlackFideId "1504878"]
[WhiteElo "2647"]
[BlackElo "2264"]
[Result "1-0"]
[Round "2"]
[TimeControl "180+1"]
[Date "2023.08.01"]
[WhiteClock "0:00:16"]
[BlackClock "0:00:00"]
[Board "109"]

1. g3 g6 2. Bg2 Bg7 3. Nf3 d5 4. O-O Nf6 5. d4 O-O 6. b3 Bf5 7. Bb2 Nbd7 8. e3 c6 9. Nbd2 Ne4 10. c4 Nxd2 11. Qxd2 Be4 12. Rfd1 e6 13. h4 a5 14. h5 gxh5 15. Qe2 Qf6 16. Nh4 Bxg2 17. Nxg2 a4 18. Qxh5 axb3 19. axb3 Qg6 20. Qh2 Qc2 21. Rab1 Ra2 22. Rdc1 Qxb3 23. Bc3 Qxc4 24. Bb4 Rc2 25. Rd1 Ra8 26. Ne1 Re2 27. Rdc1 Qa2 28. Bc3 Qc4 29. Rxb7 Rxe1+ 30. Rxe1 Qxc3 31. Reb1 Qa5 32. Rxd7 Qa2 33. Rdb7 Qc2 34. Qh5 Qg6 35. Qxg6 hxg6 36. Rc7 Rf8 37. Rxc6 Bf6 38. Rb7 Bd8 39. Rc8 1-0


[Site "https://www.chess.com"]

[Event "Titled Tuesday Blitz August 1 Early 2023"]
[White "Tqebuchava, Zurab"]
[Black "Weishaeutel, Moritz"]
[WhiteFideId "13601113"]
[BlackFideId "12967300"]
[WhiteElo "2259"]
[BlackElo "2645"]
[Result "0-1"]
[Round "2"]
[TimeControl "180+1"]
[Date "2023.08.01"]
[WhiteClock "0:00:00"]
[BlackClock "0:01:08"]
[Board "110"]

1. e4 e5 2. Nf3 Nf6 3. Nc3 Nc6 4. Bb5 Bb4 5. O-O O-O 6. d3 d6 7. h3 Bxc3 8. bxc3 Ne7 9. Bg5 Ng6 10. d4 h6 11. Be3 Nxe4 12. Qe1 exd4 13. Nxd4 c6 14. Bd3 Re8 15. Bxe4 Rxe4 16. Qd2 d5 17. Rad1 Nh4 18. Rfe1 Bxh3 19. Bf4 Rxe1+ 20. Rxe1 Nxg2 21. Re5 Nxf4 22. Qxf4 Qd7 23. Qe3 Qg4+ 24. Qg3 Qxg3+ 25. fxg3 Kf8 26. Kh2 Bd7 27. Nb3 Re8 28. Rxe8+ Kxe8 29. Nc5 b6 30. Nb3 c5 31. Kg2 Ba4 32. Nd2 Bxc2 33. Kf3 Ke7 34. Kf4 Ke6 35. Nf1 g5+ 36. Kf3 d4 37. cxd4 cxd4 38. Nd2 Bg6 39. a3 Kd5 40. g4 a5 41. Ke2 f5 42. gxf5 Bxf5 43. Nf1 h5 44. Ng3 Bg6 45. Kd2 h4 46. Nf1 g4 47. a4 g3 0-1


[Site "https://www.chess.com"]

[Event "Titled Tuesday Blitz August 1 Early 2023"]
[White "Timerkhanov, Alexander"]
[Black "Quirke, Jeffrey"]
[WhiteFideId "24177938"]
[BlackFideId "2013029"]
[WhiteElo "2645"]
[BlackElo "2247"]
[Result "1-0"]
[Round "2"]
[TimeControl "180+1"]
[Date "2023.08.01"]
[WhiteClock "0:00:59"]
[BlackClock "0:00:00"]
[Board "111"]

1. d4 e6 2. Bf4 b6 3. e3 Bb7 4. Nf3 Nf6 5. Bd3 Be7 6. h3 c5 7. c3 Nc6 8. O-O d6 9. Nbd2 O-O 10. Qe2 Nd5 11. Bh2 f5 12. e4 fxe4 13. Qxe4 Nf6 14. Qxe6+ Kh8 15. Ng5 Qe8 16. Rae1 h6 17. Nge4 Ng8 18. Bxd6 Bxd6 19. Nxd6 Qxe6 20. Rxe6 Nd8 21. Re3 cxd4 22. cxd4 Bd5 23. Be4 Bxe4 24. N2xe4 Nc6 25. d5 Nb4 26. Rd1 Nxa2 27. Nb5 Nb4 28. Nc7 Rac8 29. d6 Rfd8 30. Nc3 Rd7 31. Ne6 Nf6 32. Nf4 Rcd8 33. Re6 Kg8 34. h4 Kf7 35. Rde1 Rxd6 36. Re7+ Kg8 37. Rxa7 R6d7 38. Rxd7 Rxd7 39. h5 Rd2 40. f3 1-0


[Site "https://www.chess.com"]

[Event "Titled Tuesday Blitz August 1 Early 2023"]
[White "Jahnz, Fabian"]
[Black "Taboas Rodriguez, Daniel"]
[WhiteFideId "4653300"]
[BlackFideId "2208466"]
[WhiteElo "2242"]
[BlackElo "2643"]
[Result "1/2-1/2"]
[Round "2"]
[TimeControl "180+1"]
[Date "2023.08.01"]
[WhiteClock "0:00:06"]
[BlackClock "0:00:06"]
[Board "112"]

1. e4 e5 2. d4 exd4 3. Qxd4 Nc6 4. Qe3 Nf6 5. Nc3 Bb4 6. Bd2 O-O 7. O-O-O Re8 8. Qf4 d6 9. f3 Ne5 10. a3 Ng6 11. Qg3 Bc5 12. h4 Nh5 13. Qh2 Bd4 14. Nge2 Be5 15. f4 Bxc3 16. Nxc3 Bg4 17. Re1 d5 18. Nxd5 Qd6 19. Be2 Bxe2 20. Rxe2 c6 21. Nc3 Rad8 22. e5 Qd4 23. Rf1 f5 24. Be3 Qc4 25. g3 b5 26. Rd2 Rxd2 27. Bxd2 a5 28. Rd1 b4 29. axb4 axb4 30. Qe2 Qc5 31. Qxh5 bxc3 32. Bxc3 Qe3+ 33. Bd2 Qxg3 34. Qxf5 Nxh4 35. Qd7 Ra8 36. Kb1 Qf3 37. Bc1 h6 38. e6 Nf5 39. e7 Qe4 40. Qb7 Re8 41. Qb3+ Kh7 42. Rd7 Rxe7 43. Rxe7 Qxe7 44. Qd3 Qe6 45. b3 h5 46. Bb2 h4 47. Qh3 Kh6 48. Qg4 Qe1+ 49. Ka2 Qa5+ 50. Kb1 Qe1+ 51. Ka2 Qe6 52. Qh3 Kh5 53. Qg2 Ng3 54. Qf3+ Qg4 55. Qxc6 h3 56. Qd5+ Kh4 57. Qd8+ Kh5 58. Qd5+ Nf5 59. Qh1 Qg2 60. Qd1+ Qg4 61. Qh1 Qg2 62. Qd1+ Kh4 63. Qd8+ Kg4 64. Qg5+ Kf3 65. Qxf5 h2 66. Qd5+ Kg3 67. Qg5+ Kf3 68. Qd5+ Kg3 69. Qg5+ Kf3 70. Qd5+ 1/2-1/2


[Site "https://www.chess.com"]

[Event "Titled Tuesday Blitz August 1 Early 2023"]
[White "Vafin, Ayrat"]
[Black "Hua, Lefong"]
[WhiteFideId "4146530"]
[BlackFideId "2602253"]
[WhiteElo "2235"]
[BlackElo "2641"]
[Result "0-1"]
[Round "2"]
[TimeControl "180+1"]
[Date "2023.08.01"]
[WhiteClock "0:00:06"]
[BlackClock "0:00:35"]
[Board "113"]

1. Nf3 Nf6 2. g3 g6 3. Bg2 Bg7 4. O-O O-O 5. c4 c5 6. d4 d6 7. Nc3 Nc6 8. d5 Na5 9. Nd2 a6 10. Qc2 e6 11. dxe6 Bxe6 12. b3 Rb8 13. Bb2 b5 14. cxb5 axb5 15. Nce4 Bf5 16. Bxf6 Bxf6 17. Nxf6+ Qxf6 18. e4 Be6 19. Rad1 Nc6 20. Qd3 Nd4 21. Nf3 Bg4 22. Nxd4 Bxd1 23. Rxd1 cxd4 24. Qxd4 Qxd4 25. Rxd4 Rfd8 26. a4 bxa4 27. bxa4 Rb1+ 28. Bf1 Rc8 29. Kg2 Ra1 30. Bc4 Kf8 31. Bb5 Ke7 32. Rd3 Rc2 33. Rf3 Raa2 34. h4 h5 35. Kg1 f6 36. Rf4 Ke6 37. Kg2 Ke5 38. Kg1 Rd2 39. Be8 g5 40. Rf5+ Kxe4 41. Rxf6 gxh4 42. gxh4 d5 43. Bxh5 Rxa4 44. Bg6+ Ke5 45. Rf5+ Ke6 46. h5 Rh4 47. Kg2 Rdd4 48. Rf3 Rdg4+ 49. Kf1 Ke5 50. Ke2 d4 51. Kd3 Rf4 52. Rg3 Rxf2 53. Rg5+ Kf6 54. Ra5 Rf3+ 55. Ke2 Rg3 56. Kf2 Rb3 57. Ra6+ Kg7 58. Ra5 Rh2+ 59. Kg1 Rbb2 60. Ra7+ Kh6 61. Rh7+ Kg5 62. Rg7 Rbg2+ 63. Kf1 Rb2 64. Kg1 Kf6 65. Rf7+ Ke6 66. Rf8 Rhg2+ 67. Kf1 Rh2 68. Kg1 Rbg2+ 69. Kf1 Rd2 70. Kg1 Ke7 71. Rf7+ Kd6 72. Rf8 Kc5 73. Rd8 Rb2 74. Rc8+ Kd5 75. Rd8+ Kc4 76. Rc8+ Kb4 77. Rb8+ Kc3 78. Rxb2 Rxb2 79. h6 Rb6 80. Be4 Rxh6 81. Kf2 Re6 82. Kf3 Rxe4 83. Kxe4 d3 0-1


[Site "https://www.chess.com"]

[Event "Titled Tuesday Blitz August 1 Early 2023"]
[White "Manukyan, Sargis A."]
[Black "Ramu, K."]
[WhiteFideId "13303970"]
[BlackFideId "5006171"]
[WhiteElo "2637"]
[BlackElo "2231"]
[Result "1-0"]
[Round "2"]
[TimeControl "180+1"]
[Date "2023.08.01"]
[WhiteClock "0:01:48"]
[BlackClock "0:01:18"]
[Board "114"]

1. d4 Nf6 2. c4 g6 3. Nc3 Bg7 4. Nf3 O-O 5. h3 d6 6. Bf4 Nbd7 7. e3 b6 8. Be2 Bb7 9. O-O c5 10. d5 a6 11. a4 h6 12. e4 Nh7 13. Bd3 Re8 14. Qd2 g5 15. Bh2 Ndf8 16. Rfe1 Ng6 17. e5 dxe5 18. Bxg6 fxg6 19. Nxe5 Nf8 20. Qd3 Kh7 21. a5 bxa5 22. Na4 Rc8 23. Rad1 e6 24. d6 Bc6 25. Nxc5 Bxe5 26. Bxe5 Bd7 27. Ne4 1-0


[Site "https://www.chess.com"]

[Event "Titled Tuesday Blitz August 1 Early 2023"]
[White "Feliz Dotel, Dewar Bienvenido"]
[Black "Popilski, Gil"]
[WhiteFideId "6402801"]
[BlackFideId "2809060"]
[WhiteElo "2127"]
[BlackElo "2635"]
[Result "0-1"]
[Round "2"]
[TimeControl "180+1"]
[Date "2023.08.01"]
[WhiteClock "0:00:00"]
[BlackClock "0:01:08"]
[Board "115"]

1. d4 d5 2. e3 Bf5 3. Nf3 e6 4. c4 Nf6 5. Bd3 Bg6 6. Qc2 Nc6 7. a3 Na5 8. Nbd2 Bxd3 9. Qxd3 dxc4 10. Nxc4 c5 11. Nxa5 Qxa5+ 12. Bd2 Qb6 13. O-O Rd8 14. Qc2 Be7 15. Qa4+ Nd7 16. dxc5 Qxc5 17. Rac1 Qb6 18. b4 O-O 19. Qb3 Nf6 20. Bc3 Ne4 21. Bd4 Qa6 22. Qb2 f6 23. Rfd1 Rd7 24. Bc5 Rxd1+ 25. Rxd1 Bxc5 26. bxc5 Nxc5 27. Nd4 Rd8 28. Rb1 b6 29. Nc6 Rd6 30. Nb4 Qa4 31. h3 Qd7 32. Qc2 Rd2 33. Qc4 Kf7 34. Qg4 a5 35. Qh5+ Kg8 36. Rc1 axb4 37. axb4 g6 38. Qf3 Nd3 39. Qa8+ Kg7 40. Rc8 Rd1+ 41. Kh2 Qd6+ 42. f4 Nxf4 43. Rg8+ Kh6 44. Qf8+ Qxf8 45. Rxf8 Ne2 46. Rb8 e5 47. Rxb6 Kg5 48. h4+ Kxh4 49. Rxf6 Ng3 0-1


[Site "https://www.chess.com"]

[Event "Titled Tuesday Blitz August 1 Early 2023"]
[White "Skiadopoulos, Nikolaos"]
[Black "Ovetchkin, Roman"]
[WhiteFideId "4200772"]
[BlackFideId "4119991"]
[WhiteElo "1841"]
[BlackElo "2633"]
[Result "0-1"]
[Round "2"]
[TimeControl "180+1"]
[Date "2023.08.01"]
[WhiteClock "0:00:00"]
[BlackClock "0:00:31"]
[Board "116"]

1. b4 d5 2. Bb2 Qd6 3. a3 e5 4. g3 f6 5. Bg2 c6 6. c4 Be6 7. cxd5 cxd5 8. Nc3 Nc6 9. Nb5 Qd7 10. Rc1 Nh6 11. e3 Be7 12. Ne2 O-O 13. O-O a5 14. bxa5 Rxa5 15. a4 Rfa8 16. Nbc3 d4 17. exd4 exd4 18. Ne4 f5 19. Nf4 fxe4 20. Bxe4 Bf7 21. Qf3 Ne5 22. Qg2 Rb8 23. Nd3 Nc4 24. Rxc4 Bxc4 25. Nf4 Bf6 0-1


[Site "https://www.chess.com"]

[Event "Titled Tuesday Blitz August 1 Early 2023"]
[White "Gyulamiryan-koryun"]
[Black "Galchenko, Matvey"]
[BlackFideId "24175480"]
[WhiteElo "2068"]
[BlackElo "2893"]
[Result "0-1"]
[Round "2"]
[TimeControl "180+1"]
[Date "2023.08.01"]
[WhiteClock "0:00:06"]
[BlackClock "0:01:03"]
[Board "117"]

1. c4 e6 2. Nc3 d5 3. d4 c6 4. Nf3 dxc4 5. a4 Bb4 6. Bf4 Nf6 7. Qc2 b5 8. g3 O-O 9. Bg2 Bb7 10. O-O a6 11. Rfd1 Nbd7 12. e4 h6 13. h3 Qc8 14. g4 c5 15. dxc5 Nxc5 16. Bd6 Rd8 17. e5 Nfe4 18. axb5 Nxd6 19. bxa6 Nxa6 20. exd6 Bxd6 21. Ne4 Nb4 22. Nxd6 Nxc2 23. Nxc8 Rxa1 24. Rxa1 Nxa1 25. Ne5 Bxg2 26. Ne7+ Kf8 0-1


[Site "https://www.chess.com"]

[Event "Titled Tuesday Blitz August 1 Early 2023"]
[White "Jaskolka, Tomasz"]
[Black "Sosa, Tomas"]
[WhiteFideId "1170791"]
[BlackFideId "121576"]
[WhiteElo "2511"]
[BlackElo "2833"]
[Result "1-0"]
[Round "2"]
[TimeControl "180+1"]
[Date "2023.08.01"]
[WhiteClock "0:00:36"]
[BlackClock "0:01:09"]
[Board "118"]

1. d4 Nf6 2. Nc3 d5 3. Bf4 c5 4. e4 cxd4 5. Qxd4 Nc6 6. Bb5 Bd7 7. Bxc6 Bxc6 8. e5 Nd7 9. e6 fxe6 10. Nf3 Qb6 11. Qd2 d4 12. Nxd4 e5 13. Nxc6 exf4 14. Nd4 e5 15. Nf3 Bb4 16. O-O O-O-O 17. Qe2 Bxc3 18. bxc3 Rhe8 19. Rab1 Qc6 20. Ng5 Nf6 21. Rb4 e4 22. Rc4 h6 23. Rxc6+ bxc6 24. Qa6+ Kc7 25. Qxa7+ Kd6 26. Rd1+ Nd5 27. Nf7+ Ke6 28. Nxd8+ Rxd8 29. c4 1-0


[Site "https://www.chess.com"]

[Event "Titled Tuesday Blitz August 1 Early 2023"]
[White "Neiksans, Arturs"]
[Black "NicolaiMaxime"]
[WhiteFideId "11601388"]
[WhiteElo "2816"]
[BlackElo "2487"]
[Result "0-1"]
[Round "2"]
[TimeControl "180+1"]
[Date "2023.08.01"]
[WhiteClock "0:00:00"]
[BlackClock "0:00:05"]
[Board "119"]

1. Nf3 g6 2. e4 Bg7 3. d4 d6 4. Bc4 a6 5. Qe2 Nc6 6. c3 Bg4 7. Bxf7+ Kf8 8. Bb3 e5 9. dxe5 Nxe5 10. Bf4 Bxf3 11. gxf3 Qf6 12. Bxe5 Qxe5 13. Nd2 Bh6 14. O-O-O Nf6 15. Kb1 Bxd2 16. Rxd2 Kg7 17. Qe3 Nh5 18. Rd5 Qf4 19. Rg1 Qxh2 20. Rdg5 Rhf8 21. Qe1 Nf6 22. e5 dxe5 23. Rxe5 Rae8 24. Re7+ Kh8 25. Rg5 Qd6 26. Rge5 Rxe7 27. Rxe7 b5 28. a3 c5 29. Bc2 b4 30. axb4 cxb4 31. cxb4 Rb8 32. Re6 Qd4 33. Qc3 Qxc3 34. bxc3 Nd5 35. Kb2 a5 36. Be4 Nf4 37. Rf6 Nh3 38. Kb3 axb4 39. c4 Nxf2 40. Bc6 Nd3 41. Bb5 Kg7 42. Rd6 Ne5 43. f4 Nf7 44. Rd5 h5 45. Kxb4 h4 46. c5 h3 47. Rd3 Rh8 48. Bc6 h2 49. Bh1 Kf6 50. c6 Ke7 51. Kc5 Nd8 52. Re3+ Ne6+ 53. Kb6 Rb8+ 54. Ka7 Rb1 55. c7 Rc1 56. Kb8 Kd7 57. Bb7 Rxc7 58. Rd3+ Ke7 59. Rh3 Rc2 60. Rh7+ Kf6 61. Bc8 Rb2+ 62. Ka7 Nxf4 0-1


[Site "https://www.chess.com"]

[Event "Titled Tuesday Blitz August 1 Early 2023"]
[White "KrokerGuy"]
[Black "Bauman_Guy"]
[WhiteElo "2466"]
[BlackElo "2787"]
[Result "0-1"]
[Round "2"]
[TimeControl "180+1"]
[Date "2023.08.01"]
[WhiteClock "0:00:01"]
[BlackClock "0:01:11"]
[Board "120"]

1. e4 c5 2. Nf3 d6 3. d4 Nf6 4. Nc3 cxd4 5. Nxd4 a6 6. Bg5 Nbd7 7. Qe2 h6 8. Bh4 g6 9. f4 e5 10. fxe5 dxe5 11. O-O-O Qc7 12. Nb3 b5 13. Kb1 Bb7 14. Nd5 Nxd5 15. exd5 Bd6 16. Qd2 Rc8 17. Bd3 Kf8 18. Rhf1 Kg7 19. g4 Rhf8 20. Rf2 Bxd5 21. Bxg6 fxg6 22. Rxf8 Bxf8 23. Qxd5 Qxc2+ 24. Ka1 Nb6 25. Qxe5+ Kh7 26. Rf1 Bg7 27. Bf6 Nd7 28. Qf4 Bxf6 29. Rb1 Bg7 30. Qf7 Nc5 31. Nxc5 Rxc5 0-1


[Site "https://www.chess.com"]